 Dungeon Crawl Stone Soup version 0.26-a0-661-g406de6ba63 (webtiles) character file.

Game seed: 13865342314274892923

316 robertstho the Gusty (level 6, 0/66 HPs)
             Began as a Gnoll Air Elementalist on Oct 8, 2020.
             Was a Believer of Elyvilon.
             Slain by a gnoll
             ... wielding a cursed -3 whip
              (4 damage)
             ... on level 5 of the Dungeon.
             The game lasted 00:08:40 (4053 turns).

robertstho the Gusty (Gnoll Air Elementalist)       Turns: 4053, Time: 00:08:41

Health: 0/66       AC:  5    Str: 10    XL:     6   Next: 44%
Magic:  3/14       EV: 15    Int: 22    God:    Elyvilon [**....]
Gold:   224        SH:  0    Dex: 16    Spells: 2/15 levels left

rFire    + . .     SeeInvis .   q - +0 falchion (flame)
rCold    . . .     Faith    .   (no shield)
rNeg     . . .     Spirit   .   a - +0 robe
rPois    .         Reflect  .   z - +1 hat {Int+3}
rElec    .         Harm     .   f - +0 cloak (curse)
rCorr    .         Rampage  .   F - +0 pair of gloves
MR       .....                  (no boots)
Stlth    ..........             (no amulet)
HPRegen  0.21/turn              u - ring of protection from fire
MPRegen  0.14/turn              (no ring)

@: berserking, stab, very quick
A: distributed training, fangs 1, strong nose
a: Lesser Healing, Heal Other, Divine Protection, Renounce Religion


You were on level 5 of the Dungeon.
You worshipped Elyvilon.
Elyvilon was pleased with you.
You visited 1 branch of the dungeon, and saw 5 of its levels.

You collected 224 gold pieces.

Inventory:

Hand Weapons
 e - a +0 short sword
 q - a +0 falchion of flaming (weapon)
 v - a +2 short sword of protection
 w - a +0 dagger of protection
 G - a +2 flail of protection
Missiles
 x - 16 poisoned darts (quivered)
Armour
 a - a +0 robe (worn)
 f - a cursed +0 cloak (worn)
 z - a +1 hat of intelligence (worn)
 A - a +2 helmet
 F - a +0 pair of gloves (worn)
Jewellery
 u - a ring of protection from fire (left hand)
 D - a cursed ring of attention {unknown}
Wands
 E - a wand of polymorph (7)
Scrolls
 c - 4 scrolls of teleportation {unknown}
 g - 4 scrolls of fog {unknown}
 h - a scroll of fear {unknown}
 k - 4 scrolls of immolation {unknown}
 n - 5 scrolls of identify {unknown}
 o - 2 scrolls of amnesia {unknown}
 p - 2 scrolls of magic mapping {unknown}
 r - a scroll of remove curse {unknown}
 y - a scroll of enchant armour {unknown}
 B - a scroll of random uselessness {unknown}
 C - a scroll of enchant weapon {unknown}
Potions
 b - a potion of resistance {unknown}
 d - a potion of might {unknown}
 i - a potion of flight {unknown}
 j - 2 potions of lignification {unknown}
 l - 2 potions of stabbing
 m - a potion of heal wounds {unknown}
 s - a potion of berserk rage
 t - a potion of degeneration {unknown}


   Skills:
 + Level 2.0 Fighting
 + Level 2.0 Short Blades
 + Level 2.0 Long Blades
 + Level 2.0 Axes
 + Level 2.0 Maces & Flails
 + Level 2.0 Polearms
 + Level 2.0 Staves
 + Level 2.0 Slings
 + Level 2.0 Bows
 + Level 2.0 Crossbows
 + Level 2.0 Throwing
 + Level 2.0 Armour
 + Level 5.0 Dodging
 + Level 4.6 Stealth
 + Level 2.0 Shields
 + Level 2.0 Unarmed Combat
 + Level 5.3 Spellcasting
 + Level 2.6 Conjurations
 + Level 1.5 Hexes
 + Level 1.5 Summonings
 + Level 1.5 Necromancy
 + Level 1.5 Translocations
 + Level 1.5 Transmutations
 + Level 1.5 Fire Magic
 + Level 1.5 Ice Magic
 + Level 5.6 Air Magic
 + Level 1.5 Earth Magic
 + Level 1.5 Poison Magic
 + Level 2.1 Invocations
 + Level 2.0 Evocations


You had 2 spell levels left.
You knew the following spells:

 Your Spells              Type           Power        Failure   Level
a - Shock                 Conj/Air       ###.         1%          1
b - Swiftness             Air            ####....     1%          2
c - Static Discharge      Conj/Air       ###.....     5%          3
d - Airstrike             Air            ####......   10%         4
e - Gell's Gravitas       Tloc           ##........   16%         3

Your spell library contained the following spells:

 Spells                   Type           Power        Failure   Level
 Confusing Touch          Hex            ##......     16%         3
 Lightning Bolt           Conj/Air       ###.......   43%         5
 Petrify                  Tmut/Erth      ##......     45%         4
 Metabolic Englaciation   Hex/Ice        ##........   82%         5
 Yara's Violent Unravell  Hex/Tmut       ##........   82%         5


Dungeon Overview and Level Annotations

Branches:
Dungeon (5/15)
 Temple: D:4-7

Altars:
Ashenzari
Elyvilon
Nemelex Xobeh
The Shining One


Innate Abilities, Weirdness & Mutations

Your experience applies equally to all skills.
You have very sharp teeth.
Your uncanny sense of smell can sniff out nearby items.


Message History

Press: ? - help, Shift-Dir - straight line, f/p - ogre
Aim: an ogre, wielding a +0 giant spiked club (heavily wounded, chance to defeat MR: 51%)
The ogre resists with significant effort.
Your magical contamination has completely faded away.
You see here a +2 flail of protection.
G - a +2 flail of protection The ogre hits you with a +0 giant spiked club!!
You hear a shout!
It was a potion of stabbing.
You feel ready to backstab. The ogre misses you. The gnoll closely misses you.
It was a potion of berserk rage.
A red film seems to cover your vision as you go berserk!
You feel yourself moving faster!
You feel mighty! The gnoll barely misses you.
The ogre hits you with a +0 giant spiked club!!
* * * LOW HITPOINT WARNING * * *
You hit the gnoll but do no damage.
The gnoll is heavily wounded.
The gnoll hits you with a cursed -3 whip.
You die...

#)# #..... .. ## #.#
###.. .. .# #.# #.# .#.#
∆ #######.#####.## ...#
.###.......##.....####..#
....)########...#.......#
........# #...gg####..#
.######.# ##.#O## #..#
#####.######g#@#####g.#
#......g.g..g#.g......#
#...##g##############.##
.... #.# #.# ..g..g..#
#.# ........# #.#
.......## ..# #....## #.#
#.... .#


You could see an ogre and 3 gnolls.

Vanquished Creatures
  A phantom (D:4)
  2 hounds
  A worker ant (D:5)
  3 adders
  A gnoll (D:5)
  2 oozes (D:1)
  2 worms (D:3)
  5 dart slugs
  2 leopard geckos
  8 orcs
  7 bats
  2 giant cockroaches
  7 hobgoblins
  2 jackals (D:1)
  A quokka (D:3)
  A ball python (D:4)
  5 frilled lizards
  8 goblins
  9 kobolds
  2 leopard gecko skeletons
  6 rats
77 creatures vanquished.

Notes
Turn   | Place    | Note
-------+----------+-------------------------------------------
     0 | D:1      | robertstho the Gnoll Air Elementalist began the quest for
                  | the Orb.
     0 | D:1      | Reached XP level 1. HP: 13/13 MP: 6/6
    84 | D:1      | Reached XP level 2. HP: 20/20 MP: 0/7
   378 | D:1      | Reached XP level 3. HP: 25/25 MP: 6/9
   384 | D:1      | Reached skill level 5 in Spellcasting
   578 | D:1      | Reached skill level 1 in Invocations
   941 | D:1      | Learned a level 2 spell: Swiftness
   945 | D:1      | Learned a level 3 spell: Static Discharge
  1013 | D:2      | Reached skill level 1 in Fighting
  1013 | D:2      | Reached skill level 1 in Short Blades
  1013 | D:2      | Reached skill level 1 in Long Blades
  1013 | D:2      | Reached skill level 1 in Axes
  1013 | D:2      | Reached skill level 1 in Maces & Flails
  1013 | D:2      | Reached skill level 1 in Polearms
  1013 | D:2      | Reached skill level 1 in Staves
  1013 | D:2      | Reached skill level 1 in Slings
  1013 | D:2      | Reached skill level 1 in Bows
  1013 | D:2      | Reached skill level 1 in Crossbows
  1013 | D:2      | Reached skill level 1 in Throwing
  1013 | D:2      | Reached skill level 1 in Armour
  1013 | D:2      | Reached skill level 1 in Shields
  1013 | D:2      | Reached skill level 1 in Unarmed Combat
  1013 | D:2      | Reached skill level 1 in Evocations
  1079 | D:2      | Found a white marble altar of Elyvilon.
  1170 | D:2      | Reached XP level 4. HP: 32/32 MP: 7/11
  1721 | D:2      | Became a worshipper of Elyvilon the Healer
  1927 | D:3      | Reached skill level 1 in Hexes
  1927 | D:3      | Reached skill level 1 in Summonings
  1927 | D:3      | Reached skill level 1 in Necromancy
  1927 | D:3      | Reached skill level 1 in Translocations
  1927 | D:3      | Reached skill level 1 in Transmutations
  1927 | D:3      | Reached skill level 1 in Fire Magic
  1927 | D:3      | Reached skill level 1 in Ice Magic
  1927 | D:3      | Reached skill level 1 in Earth Magic
  1927 | D:3      | Reached skill level 1 in Poison Magic
  1995 | D:3      | Found a broken altar of Ashenzari.
  2552 | D:4      | Learned a level 4 spell: Airstrike
  2556 | D:4      | Learned a level 3 spell: Gell's Gravitas
  2574 | D:4      | Reached * piety under Elyvilon
  2574 | D:4      | Found a sparkling altar of Nemelex Xobeh.
  2620 | D:4      | Reached XP level 5. HP: 37/37 MP: 7/12
  2623 | D:4      | Noticed a phantom
  2640 | D:4      | Killed a phantom
  2640 | D:4      | Reached XP level 6. HP: 44/44 MP: 0/13
  3167 | D:4      | Found a glowing golden altar of the Shining One.
  3278 | D:4      | Reached ** piety under Elyvilon
  3513 | D:5      | Entered Level 5 of the Dungeon
  3694 | D:5      | Reached skill level 5 in Dodging
  4053 | D:5      | Slain by a gnoll

Illustrated notes

Levels and vault maps discovered:
D:1:      matt_arrival_grand_opening, layout_basic
D:2:      layout_loops_ring, elyvilon_altar_3, serial_glass, glass_columns_b,
          glass_columns_a, glass_columns_c, glass_columns_a, glass_columns_a,
          glass_columns_a, glass_columns_a, glass_columns_a, glass_columns_a,
          glass_columns_a
D:3:      layout_rooms, lemuel_crystal_altar, roderic_roman_lattice
D:4:      layout_loops_corners, nicolae_overflow_hidden_temple, tso_altar
D:5:      layout_loops_ring, grunt_temple_overflow_bloody_war

Skill      XL: |  1  2  3  4  5  6 |
---------------+-------------------+-----
Conjurations   | 2 |  2.6
Spellcasting   | 5 |  5.3
Invocations    | 1 2 |  2.1
Fighting       | 1 2 |  2.0
Short Blades   | 1 2 |  2.0
Long Blades    | 1 2 |  2.0
Axes           | 1 2 |  2.0
Maces & Flails | 1 2 |  2.0
Polearms       | 1 2 |  2.0
Staves         | 1 2 |  2.0
Slings         | 1 2 |  2.0
Bows           | 1 2 |  2.0
Crossbows      | 1 2 |  2.0
Throwing       | 1 2 |  2.0
Armour         | 1 2 |  2.0
Shields        | 1 2 |  2.0
Unarmed Combat | 1 2 |  2.0
Evocations     | 1 2 |  2.0
Hexes          | 1 |  1.5
Summonings     | 1 |  1.5
Necromancy     | 1 |  1.5
Translocations | 1 |  1.5
Transmutations | 1 |  1.5
Fire Magic     | 1 |  1.5
Ice Magic      | 1 |  1.5
Earth Magic    | 1 |  1.5
Poison Magic   | 1 |  1.5
Dodging        | 5 |  5.0
Stealth        | |  4.6
Air Magic      | |  5.6

Action                   |  1- 3 |  4- 6 || total
-------------------------+-------+-------++-------
Melee: Falchion          |       |     1 ||     1
 Cast: Shock             |    65 |    72 ||   137
       Airstrike         |       |     5 ||     5
       Gell's Gravitas   |       |     4 ||     4
       Static Discharge  |       |     1 ||     1
Evoke: Wand              |       |     1 ||     1
  Use: Potion            |       |     2 ||     2
Armor: Robe              |     2 |     1 ||     3
Dodge: Dodged            |     7 |    15 ||    22
       Rpst.: Falchion   |       |     2 ||     2

Table legend: (Time is in decaauts)
 A = Elapsed time spent in this place.
 B = Non-inter-level travel time spent in this place.
 C = Inter-level travel time spent in this place.
 D = Time resting spent in this place.
 E = Time spent auto-exploring this place.
 F = Levels seen in this place.
 G = Mean time per level.
                   A        B        C        D        E       F      G
               +--------+--------+--------+--------+--------+-----+--------+
         Total |   4052 |   3871 |    181 |    366 |   3104 |   5 |  810.4 |
       Dungeon |   4052 |   3871 |    181 |    366 |   3104 |   5 |  810.4 |
               +--------+--------+--------+--------+--------+-----+--------+

Top non-repeatable levels by time:
     D:4: 966 daAuts
     D:1: 964 daAuts
     D:3: 798 daAuts
     D:2: 783 daAuts
     D:5: 539 daAuts
